Unix NetHack Version 5.0.0-0 post-release - last build May  4 2026 22:22:43 (774f63e81ad911689b3a0859ea89b322d5daca8d,branch:main).

Game began 2026-05-06 06:03:15, ended 2026-05-06 06:40:52.

2460080212, lawful female human Valkyrie

                   ----
                   |<.--
                   |...-
                 ---....#
             --.--.......
           .........^....
           `..(...%....--
         .............--
         -(........).--
         |....)....).|
         |.---.....---
         |.|  -...
     -----.|  |...
------.....|---...
|..|...|..--..%.--
|.@G.--|.......--
------ --.....--
        --.....|
         ----.--
            ---
2460080212 the Skirmisher   St:16 Dx:16 Co:18 In:6 Wi:8 Ch:10  Lawful
Dlvl:4  $:26 HP:0(53) Pw:13(13) AC:6  Xp:5 T:2242 

Latest messages:
 You are hit by an arrow!
 You stop eating the gnome corpse.
 You hear a chugging sound.
 You are hit by an arrow!
 You are hit by an arrow.
 You are almost hit by an arrow.
 You kill the gnome!
 You are hit by an arrow.
 You see here a gnome corpse.
 You are hit by an arrow.
 You are hit by an arrow.
 It is hit.
 It is hit.
 The gnome swings her aklys.
 The gnome hits!
 You kill the gnome!
 You hit the gnome lord.
 The gnome lord swings his bow.
 The gnome lord hits!
 You miss the gnome lord.
 The gnome lord swings his bow.
 The gnome lord hits!
 You hit the gnome lord!
 The gnome lord swings his bow.
 The gnome lord misses!
 You kill the gnome lord!
 Welcome to experience level 5.
 An arrow misses you.
 You are hit by an arrow.
 There is a gnome lord corpse here; eat it? [ynq] (n) y
 This gnome lord corpse is tough.
 You stop eating the gnome lord corpse.
 The gnome lord shoots an arrow!
 You are almost hit by an arrow.
 The gnome lord swings his bow.
 The gnome lord hits!
 The gnome lord swings his bow.
 The gnome lord hits!
 You hit the gnome lord!
 The gnome lord swings his bow.
 The gnome lord hits!
 You hit the gnome lord.
 The gnome lord swings his bow.
 The gnome lord hits!
 You die...
 Do you want your possessions identified? [ynq] (y) n
 Do you want to see your attributes? [ynq] (y) n
 Do you want an account of creatures vanquished? [ynaq] (y) n
 Do you want to see your conduct and achievements? [ynq] (y) n
 Do you want to see the dungeon overview? [ynq] (y) n

Inventory:
 Coins    ('$')
  $ - 26 gold pieces
 Weapons  (')')
  i - 6 blessed +2 arrows
  j - a +0 bow
  k - 9 +1 darts
  b - a +0 dagger (alternate weapon; not wielded)
  a - a +1 spear (weapon in right hand)
 Armor    ('[')
  h - an uncursed +0 orcish helm
  l - an uncursed +0 pair of iron shoes
  c - an uncursed +3 small shield (being worn)
  m - a blessed +1 dwarvish cloak
  e - an uncursed +0 banded mail
 Rings    ('=')
  f - a cursed ring of levitation
 Tools    ('(')
  d - a +0 pick-axe
  n - a +0 pick-axe

2460080212 the Valkyrie's attributes:

Background:
 You were a Skirmisher, a level 5 human Valkyrie.
 You were lawful, nominally on a mission for Tyr
 who was opposed by Odin (neutral) and Loki (chaotic).
 You were right-handed.
 You were in the Gnomish Mines, on level 4.
 You entered the dungeon 2242 turns ago.
 You had 168 experience points, 152 more were needed to attain level 6.

Basics:
 You had 0 out of 53 hit points.
 You had all 13 energy points (spell power).
 Your armor class was 6.
 Your wallet contained 26 zorkmids.
 Autopickup was off.

Final Characteristics:
 Your strength was 16 (limit:18/100).
 Your dexterity was 16 (limit:18).
 Your constitution was 18 (limit:18).
 Your intelligence was 6 (limit:18).
 Your wisdom was 8 (limit:18).
 Your charisma was 10 (limit:18).

Final Status:
 You weren't hungry.
 You were unencumbered.
 You were wielding a spear.
 You had basic skill with spear.

Final Attributes:
 You were devoutly aligned.
 You were cold resistant.
 You were stealthy.
 You are dead.

Miscellaneous:
 You didn't encounter any bones levels.
 Total elapsed playing time was 37 minutes and 34 seconds.

Major events:
 Turn
    1: 2460080212 the lawful human Valkyrie entered the dungeon
  778: attained the rank of Skirmisher (level 3)
 1352: entered the Gnomish Mines
 2242: killed by a gnome lord

You didn't know any spells.

Skills:
 Fighting Skills
   bare handed combat [Unskilled]
   two weapon combat  [Unskilled]
   riding             [Unskilled]
 Weapon Skills
   dagger             [Basic]
   axe                [Unskilled]
   pick-axe           [Unskilled]
   short sword        [Unskilled]
   broadsword         [Unskilled]
   long sword         [Unskilled]
   two-handed sword   [Unskilled]
   saber              [Unskilled]
   hammer             [Unskilled]
   quarterstaff       [Unskilled]
   polearms           [Unskilled]
   spear              [Basic]
   trident            [Unskilled]
   lance              [Unskilled]
   sling              [Unskilled]
 Spellcasting Skills
   attack spells      [Unskilled]
   escape spells      [Unskilled]

Voluntary challenges:
 Character rerolling was not enabled.
 You were an atheist.
 You were illiterate.
 You never genocided any monsters.
 You never polymorphed an object.
 You never changed form.
 You used no wishes.
Achievements:
 You attained the rank of Skirmisher.
 You entered a shop.
 You entered the Gnomish Mines.

 The Dungeons of Doom: levels 1 to 2
    Level 1:
       A fountain.
    Level 2:
       An armor shop, a fountain.
       Stairs down to The Gnomish Mines.
 The Gnomish Mines: levels 3 to 4
    Level 3:
    Level 4: <- You were here.
       Final resting place for
          you, killed by a gnome lord.


Vanquished creatures:
  2 gnome leaders
  a little dog
  a dwarf
  a giant bat
 an iguana
 an acid blob
  a coyote
  a yellow mold
  a green mold
  a red mold
 13 gnomes
  3 jackals
  a fox
  2 kobolds
  4 goblins
  a sewer rat
  4 grid bugs
  4 lichens
  a kobold zombie
  4 newts
48 creatures vanquished.

No species were genocided or became extinct.

Game over:
                       ----------
                      /          \
                     /    REST    \
                    /      IN      \
                   /     PEACE      \
                  /                  \
                  |    2460080212    |
                  |      26 Au       |
                  |   killed by a    |
                  |    gnome lord    |
                  |                  |
                  |                  |
                  |       2026       |
                 *|     *  *  *      | *
        _________)/\\_//(\/(/\)/\//\/|_)_______

Farvel 2460080212 the Valkyrie...

You died in The Gnomish Mines on dungeon level 4 with 846 points,
and 26 pieces of gold, after 2242 moves.
You were level 5 with a maximum of 53 hit points when you died.

